 Dungeon Crawl Stone Soup version 0.29-a0-993-g4a18f31a58 (webtiles) character file.

Game seed: 3471393963243866670

64 concernfroge the Trooper (level 3, -4/32 HPs)
             Began as a Mummy Monk on Aug 3, 2022.
             Slain by an orc priest
             ... wielding a +0 whip
              (5 damage)
             ... on level 2 of the Dungeon.
             The game lasted 00:03:24 (1531 turns).

concernfroge the Trooper (Mummy Monk)               Turns: 1531, Time: 00:03:25

Health: -4/32      AC:  4    Str: 16    XL:     3   Next: 91%
Magic:  3/3        EV: 12    Int:  9    God:
Gold:   93         SH:  0    Dex: 14    Spells: 2/2 levels left

rFire   . . .      SeeInvis .   a - +0 spear
rCold   + . .      Faith    .   (no shield)
rNeg    + + +      Spirit   .   i - +1 robe {rF+}
rPois   ∞          Reflect  .   (no helmet)
rElec   .          Harm     .   (no cloak)
rCorr   .          Rampage  .   e - +0 pair of gloves
Will    .....                   (no boots)
Stlth   ++........              (no amulet)
HPRegen 0.10/turn               (no ring)
MPRegen 0.08/turn               (no ring)

@: weak-willed
A: cold resistance 1, negative energy resistance 3, torment resistance 2, heat
vulnerability 1, in touch with death 1, no potions
a: no special abilities


You were on level 2 of the Dungeon.
You visited 1 branch of the dungeon, and saw 2 of its levels.

You collected 93 gold pieces.

Inventory:

Hand Weapons
 a - a +0 spear (weapon)
Armour
 e - a +0 pair of gloves (worn)
 i - a +1 robe of fire resistance (worn)
Scrolls
 f - a scroll of amnesia {unknown}
 g - a scroll of noise {unknown}
 h - a scroll of blinking {unknown}


   Skills:
 + Level 4.9 Fighting
 - Level 2.4 Polearms
 - Level 2.4 Dodging
 - Level 1.5 Stealth


You had 2 spell levels left.
You didn't know any spells.
Your spell library was empty.

Dungeon Overview and Level Annotations

Branches:
Dungeon (2/15)

Altars:


Innate Abilities, Weirdness & Mutations

You are immune to poison.
Your flesh is cold resistant. (rC+)
You are immune to negative energy. (rN+++)
You are immune to unholy pain and torment.
You are vulnerable to heat. (rF-)
You are in touch with the powers of death.
You do not drink.


Message History

The orc is severely wounded.
The orc barely misses you.
You hit the orc.
You kill the orc!
You closely miss the orc priest. The orc priest hits you with a +0 whip.
You hit the orc priest.
The orc priest is lightly wounded.
The orc priest hits you with a +0 whip.
You hit the orc priest but do no damage.
The orc priest is lightly wounded.
The orc priest barely misses you.
You hit the orc priest but do no damage.
The orc priest is lightly wounded.
The orc priest casts a cantrip, but nothing happens.
You barely miss the orc priest.
The orc priest is lightly wounded.
The orc priest hits you but does no damage.
You barely miss the orc priest.
The orc priest is lightly wounded.
The orc priest barely misses you.
You hit the orc priest but do no damage.
The orc priest is lightly wounded.
The orc priest invokes the aid of Beogh against you.
Beogh smites you!
You barely miss the orc priest.
The orc priest is lightly wounded.
The orc priest closely misses you.
You hit the orc priest.
The orc priest is moderately wounded.
The orc priest calls down the wrath of Beogh upon you.
Beogh smites you!
* * * LOW HITPOINT WARNING * * *
As you read the scroll labelled NAC RIGATS, it crumbles to dust.
You feel aware of your surroundings.
You sensed 1 altar, and 1 shop/portal.
It was a scroll of magic mapping.
The orc priest hits you with a +0 whip.
* * * LOW HITPOINT WARNING * * *
As you read the scroll labelled YBEGIP DYPAT, it crumbles to dust.
Magic quickly surges around you.
It was a scroll of vulnerability.
The orc priest hits you with a +0 whip.
You die...

#....# *## #.#.
##.#######.## #.#.
#..........# #.##
#..........# #.##
#....#.#...# ##.##
##.......)..# ###..##
#.....#.#.#.## #...###
#.#.......#..###.###.)
#.#..@....#...##.###.#
*#.#.o.................
***..#.......#...#.##.#.#
*,....###...###..#.#)....
*,....**###<###.......#.#
*....,,,,,#.)##.#..#.....
*...*,*,*,##.##.#..#....#
*...,,,,,,*#.##....######
*,,,*.#.#...J.#....#*


You could see an orc priest (weak-willed).

Vanquished Creatures
  An orc priest (D:2)
  2 orcs (D:2)
  A bat (D:1)
  3 endoplasms
  A giant cockroach (D:1)
  4 goblins
  4 hobgoblins
  2 jackals (D:1)
  A quokka (D:2)
  3 ball pythons
  4 kobolds
  4 rats (D:1)
30 creatures vanquished.

Notes
Turn   | Place    | Note
-------+----------+-------------------------------------------
     0 | D:1      | concernfroge the Mummy Monk began the quest for the Orb.
     0 | D:1      | Reached XP level 1. HP: 18/18 MP: 1/1
   380 | D:1      | Reached XP level 2. HP: 14/24 MP: 2/2
   863 | D:1      | Reached skill level 4 in Fighting
  1186 | D:2      | Gained mutation: You are in touch with the powers of death.
                  | [Mummy growth]
  1186 | D:2      | Reached XP level 3. HP: 23/30 MP: 3/3
  1529 | D:2      | HP: 1/32 [orc priest/divine providence (11)]
  1531 | D:2      | Slain by an orc priest

Illustrated notes

Levels and vault maps discovered:
D:1:      moated_graveyard_arrival, layout_rooms
D:2:      layout_rooms, serial_glass, glass_columns_a, glass_columns_a,
          glass_columns_b, glass_columns_a,
          hellmonk_ecumenical_altar_leap_of_faith, serial_shops,
          nicolae_shop_advertising_works [nicolae_subvault_shop_adworks]

Skill      XL: |  1  2 |
---------------+-------+-----
Fighting       | 4 |  4.9
Polearms       | |  2.4
Dodging        | |  2.4
Stealth        | |  1.5

Action                   || total
-------------------------++-------
Melee: Spear             ||   134
       Punch             ||     1
  Use: Scroll            ||     3
 Stab: Sleeping          ||     3
       Distracted        ||     1
Armor: Robe              ||    20
Dodge: Dodged            ||    52

Table legend: (Time is in decaauts)
 A = Elapsed time spent in this place.
 B = Non-inter-level travel time spent in this place.
 C = Inter-level travel time spent in this place.
 D = Time resting spent in this place.
 E = Time spent auto-exploring this place.
 F = Levels seen in this place.
 G = Mean time per level.
                   A        B        C        D        E       F      G
               +--------+--------+--------+--------+--------+-----+--------+
         Total |   1529 |   1462 |     67 |    160 |   1025 |   2 |  764.5 |
       Dungeon |   1529 |   1462 |     67 |    160 |   1025 |   2 |  764.5 |
               +--------+--------+--------+--------+--------+-----+--------+

Top non-repeatable levels by time:
     D:1: 1229 daAuts
     D:2: 300 daAuts
